 Dungeon Crawl Stone Soup version 0.30.1 (webtiles) character file.

Game seed: 6608298329546607205

115 AgateBread the Gusty (level 5, -7/28 HPs)
             Began as a Tengu Air Elementalist on July 7, 2023.
             Mangled by Sigmund
             ... wielding a +0 scythe
              (9 damage)
             ... on level 3 of the Dungeon.
             The game lasted 00:17:24 (4503 turns).

AgateBread the Gusty (Tengu Air Elementalist)       Turns: 4503, Time: 00:17:24

Health: -7/28      AC:  2    Str:  9    XL:     5   Next: 0%
Magic:  12/19      EV: 14    Int: 17    God:
Gold:   6          SH:  0    Dex: 14    Spells: 9/10 levels left

rFire   . . .        l - +0 hand axe (venom)
rCold   . . .        (no shield)
rNeg    . . .        a - +0 robe
rPois   .            (helmet restricted)
rElec   .            (no cloak)
rCorr   .            (no gloves)
SInv    .            (boots unavailable)
Will    +....        (no amulet)
Stlth   ++           e - ring of magical power
HPRegen 0.24/turn    g - ring of willpower
MPRegen 0.16/turn

%: no passive effects
@: flying quickly and evasively, very slightly contaminated, quick
A: beak, talons 3, nimble flight
a: no special abilities


You were on level 3 of the Dungeon.
You visited 1 branch of the dungeon, and saw 3 of its levels.

You collected 132 gold pieces.
You spent 126 gold pieces at shops.

Inventory:

Hand Weapons
 b - a +1 heavy mace
 d - a +0 sling
 j - a +0 dagger
 l - a +0 hand axe of venom (weapon)
 o - a +0 short sword
 s - a +0 long sword
Missiles
 u - 3 poisoned darts
Armour
 a - a +0 robe (worn)
 c - a +0 leather armour
 m - a +0 ring mail
Magical Staves
 n - a staff of death
Jewellery
 e - a ring of magical power (left hand)
 g - a ring of willpower (right hand)
 r - a +6 ring of dexterity
Scrolls
 h - 4 scrolls of vulnerability
 i - a scroll of blinking
 k - 3 scrolls of teleportation
 p - 5 scrolls of identify
 q - 2 scrolls of enchant armour
Potions
 t - a potion of curing {unknown}


   Skills:
 + Level 2.1 Armour
 - Level 2.1 Dodging
 - Level 2.0 Stealth
 + Level 3.2 Spellcasting
 - Level 1.3 Conjurations
 + Level 5.4 Air Magic


You had 9 spell levels left.
You knew the following spells:

 Your Spells              Type           Power      Damage    Failure   Level
a - Shock                 Conj/Air       56%        1d6       4%          1

Your spell library contained the following spells:

 Spells                   Type           Power      Damage    Failure   Level
 Swiftness                Air            21%        N/A       5%          3
 Static Discharge         Conj/Air       28%        2-4/arc   6%          2
 Necrotise                Necr           8%         1d4       17%         1
 Airstrike                Air            10%        2d(2-18)  19%         4
 Vampiric Draining        Necr           2%         2d6       45%         3
 Agony                    Necr           2%         N/A       99%         5


Dungeon Overview and Level Annotations

Branches:
Dungeon (3/15)

Altars:
Wu Jian

Shops:
D:3 ?

Annotations:
D:2 1 runed translucent door, Crazy Yiuf
D:3 Sigmund


Innate Abilities, Weirdness & Mutations

You have a beak for a mouth.
You have claws for feet.
Your magical nature lets you fly swiftly and evasively.


Message History

Press: ? - help, Q - select action, (/) - cycle Shift-Dir - straight line You throw a poisoned dart.
Aiming: Shock (safe; 4% risk of failure)
Press: ? - help, Q - select action, (/) - cycle Shift-Dir - straight line
Aiming: Shock (safe; 4% risk of failure)
Press: ? - help, Q - select action, (/) - cycle Shift-Dir - straight line The zap hits something but does no damage.
Your magical contamination has completely faded away.
Aiming: Shock (safe; 4% risk of failure)
Press: ? - help, Q - select action, (/) - cycle Shift-Dir - straight line
Okay, then.
A puff of flame appears from out of thin air!
The puff of flame hits you.
Aiming: Shock (safe; 4% risk of failure)
Press: ? - help, Q - select action, (/) - cycle Shift-Dir - straight line You miscast Shock.
You are very lightly contaminated with residual magic.
Nothing appears to happen.
Unknown command.
Aiming: Shock (safe; 4% risk of failure)
Press: ? - help, Q - select action, (/) - cycle Shift-Dir - straight line, f - you That beam is likely to hit you.
Continue anyway?
Okay, then.
Aiming: Shock (safe; 4% risk of failure)
Press: ? - help, Q - select action, (/) - cycle Shift-Dir - straight line You miscast Shock.
Nothing appears to happen.
Something hits you.
Unknown command.
Unknown command.
You feel much better. Something hits you. Something hits you.
You hit something. You claw something! Something hits you!
You hit something but do no damage. Your kick misses something.
Your peck misses something. Something hits you!
* * * LOW HITPOINT WARNING * * *
You closely miss something.
You hear some strange, mumbled words.
Something tries to affect you, but you resist.
You closely miss something. Your kick misses something. Something hits you!
You die...

...#..###.#.
#.......#...##..#. ...#.##
##( #.................
...#.####...(
.............∩....
####......##.
#.........###.....
~~~#......##.
...............###
~###......##.
#..............
~#..........>
####...###.######
###........#.####......###.#
# ......?.#.....@..........#
##..........#.#.{........###
~#.........##............#
##..........##...........#
.#. ..............### ..
#.##............# #
#.#.....#######.# # ......#
#.#### #......## #....#


There were no monsters in sight!

Vanquished Creatures
  2 adders (D:3)
  2 worms (D:2)
  2 dart slugs
  4 orcs (D:3)
  13 endoplasms
  2 giant cockroaches
  10 goblins
  5 hobgoblins
  7 jackals (D:2)
  4 quokkas
  9 ball pythons
  A bat (D:2)
  3 frilled lizards
  5 kobolds
  6 rats
75 creatures vanquished.

Notes
Turn   | Place    | Note
-------+----------+-------------------------------------------
     0 | D:1      | AgateBread the Tengu Air Elementalist began the quest for
                  | the Orb.
     0 | D:1      | Reached XP level 1. HP: 10/10 MP: 4/4
   531 | D:1      | Reached XP level 2. HP: 15/15 MP: 6/6
  1429 | D:1      | Reached XP level 3. HP: 19/19 MP: 7/7
  2457 | D:2      | Reached skill level 5 in Air Magic
  2492 | D:2      | Reached skill level 1 in Armour
  2940 | D:2      | Found a runed translucent door.
  2941 | D:2      | Noticed Crazy Yiuf
  3064 | D:2      | Reached XP level 4. HP: 24/24 MP: 9/9
  3826 | D:3      | Noticed Sigmund
  4221 | D:3      | Found an ornate altar of the Wu Jian Council.
  4428 | D:3      | Found Caupsigg's Magic Scroll Shoppe.
  4440 | D:3      | Bought a scroll of teleportation for 42 gold pieces
  4440 | D:3      | Bought a scroll of identify for 28 gold pieces
  4440 | D:3      | Bought a scroll of identify for 28 gold pieces
  4440 | D:3      | Bought a scroll of identify for 28 gold pieces
  4472 | D:3      | Gained mutation: Your magical nature lets you fly swiftly
                  | and evasively. [Tengu growth]
  4472 | D:3      | Reached XP level 5. HP: 28/28 MP: 10/10
  4503 | D:3      | Mangled by Sigmund

Illustrated notes

Levels and vault maps discovered:
D:1:      saegor_arrival_miasma, layout_basic
D:2:      layout_loops_corners, serial_glass, glass_columns_a, glass_columns_a,
          uniq_crazy_yiuf_cottage
D:3:      layout_rooms, overflow_temple_1_default, serial_shops, shop,
          chequers_serial_rivers_large_b, minmay_goblin_outpost, uniq_sigmund

Skill      XL: |  1  2  3  4 |
---------------+-------------+-----
Air Magic      | 5 |  5.4
Armour         | 1 2 |  2.1
Spellcasting   | 3 |  3.2
Dodging        | |  2.1
Stealth        | |  2.0
Conjurations   | |  1.3

Action                     |  1- 3 |  4- 6 || total
---------------------------+-------+-------++-------
  Melee: Unarmed           |    10 |       ||    10
         Kick              |     5 |     5 ||    10
         Peck              |     2 |       ||     2
         Punch             |     1 |       ||     1
         Dagger            |     4 |       ||     4
         Hand axe          |     9 |    10 ||    19
   Fire: Sling             |     1 |       ||     1
  Throw: Dart              |       |     2 ||     2
   Cast: Shock             |    92 |    64 ||   156
    Use: Potion            |     1 |     1 ||     2
         Scroll            |     4 |     1 ||     5
   Stab: Sleeping          |       |     1 ||     1
 Armour: Robe              |     3 |     1 ||     4
  Dodge: Dodged            |    26 |    14 ||    40
